 Dungeon Crawl Stone Soup version 0.27.1-33-g824d729ab1 (webtiles) character file.

Game seed: 11605600946236278396

8 Grabarz the Gusty (level 1, 0/14 HPs)
             Began as a Demigod Air Elementalist on Dec 9, 2021.
             Slain by a jackal (3 damage)
             ... on level 1 of the Dungeon.
             The game lasted 00:03:44 (532 turns).

Grabarz the Gusty (Demigod Air Elementalist)         Turns: 532, Time: 00:03:44

Health: 0/14       AC:  2    Str:  9    XL:     1   Next: 80%
Magic:  0/5        EV: 12    Int: 17    God:
Gold:   28         SH:  0    Dex: 14    Spells: 3/4 levels left

rFire    . . .     SeeInvis .   (no weapon)
rCold    . . .     Faith    .   (no shield)
rNeg     . . .     Spirit   .   a - +0 robe
rPois    .         Reflect  .   (no helmet)
rElec    .         Harm     .   (no cloak)
rCorr    .         Rampage  .   (no gloves)
Will     .....                  (no boots)
Stlth    ++........             (no amulet)
HPRegen  0.04/turn              (no ring)
MPRegen  0.09/turn              (no ring)

@: no status effects
A: high mp 1, forlorn
a: no special abilities


You were on level 1 of the Dungeon.
You visited 1 branch of the dungeon, and saw 1 of its levels.

You collected 28 gold pieces.

Inventory:

Armour
 a - a +0 robe (worn)
Scrolls
 c - 2 scrolls of identify {unknown}
 d - a scroll of magic mapping {unknown}
Potions
 b - a potion of haste {unknown}


   Skills:
 + Level 1.8 Dodging
 + Level 1.9 Stealth
 * Level 2.0 Spellcasting
 + Level 1.0 Conjurations
 * Level 2.8 Air Magic


You had 3 spell levels left.
You knew the following spells:

 Your Spells              Type           Power      Damage    Failure   Level
a - Shock                 Conj/Air       32%        1d5       9%          1

Your spell library contained the following spells:

 Spells                   Type           Power      Damage    Failure   Level
 Static Discharge         Conj/Air       8%         N/A       13%         2
 Swiftness                Air            11%        N/A       19%         3
 Airstrike                Air            5%         N/A       52%         4


Dungeon Overview and Level Annotations

Branches:
Dungeon (1/15)


Innate Abilities, Weirdness & Mutations

Your attributes grow dramatically as you level up.
You have an increased reservoir of magic. (+10% MP)
You shall have no god before yourself.


Message History

Press: ? - help, Q - select action Shift-Dir - straight line, f/p - jackal
Aim: a jackal (60% to hit)
You miscast Shock.
You are very lightly contaminated with residual magic.
Nothing appears to happen.
The jackal completely misses you. The jackal barely misses you.
The jackal bites you. The jackal bites you.
Your magical contamination has completely faded away.
The jackal bites you.
* * * LOW HITPOINT WARNING * * *
You enter the shallow water.
Moving in this stuff is going to be slow.
The jackal misses you. The jackal bites you.
* * * LOW HITPOINT WARNING * * *
Aiming: Shock (safe; 9% risk of failure)
Press: ? - help, Q - select action Shift-Dir - straight line, f/p - jackal
Aim: a jackal (60% to hit)
That beam is likely to hit you.
Continue anyway?
Okay, then.
Aiming: Shock (safe; 9% risk of failure)
Press: ? - help, Q - select action Shift-Dir - straight line, f/p - jackal
Aim: a jackal (60% to hit)
The zap misses the jackal.
The zap hits the jackal.
The jackal is severely wounded.
The jackal bites you but does no damage.
The jackal bites you but does no damage.
The jackal closely misses you. The jackal barely misses you.
Aiming: Shock (safe; 9% risk of failure)
Press: ? - help, Q - select action Shift-Dir - straight line, f/p - jackal
Aim: a jackal (severely wounded, 60% to hit)
The zap hits the jackal but does no damage.
The jackal is severely wounded.
The jackal barely misses you. x2
The jackal closely misses you. The jackal bites you.
You die...

#.# #≈#...# #.###..# #+#
#≈#.##### #......#
###.....# #####.##
#.###.# #.....###
#.#.#.#####.##..#.##
###........##.##.....###
+.......................
####..h...†##.###....###
##.#@#.###.....#.##
.#######.#.# #####.###
...........# #.#
#######.#### #.# #.# #.#
#.# #.# #.# #.# #.# #.#
#.#


You could see a jackal.

Vanquished Creatures
  A giant cockroach (D:1)
  2 goblins (D:1)
  A jackal (D:1)
  2 ball pythons (D:1)
  A bat (D:1)
  A frilled lizard (D:1)
8 creatures vanquished.

Notes
Turn   | Place    | Note
-------+----------+-------------------------------------------
     0 | D:1      | Grabarz the Demigod Air Elementalist began the quest for
                  | the Orb.
     0 | D:1      | Reached XP level 1. HP: 14/14 MP: 5/5
   327 | D:1      | Reached skill level 1 in Conjurations
   532 | D:1      | Slain by a jackal

Illustrated notes

Levels and vault maps discovered:
D:1:      mrwooster_arrival_statue, layout_loops_corners,
          shapermc_ecumenical_altar_flowoftime, chequers_serial_rivers_micro_b,
          grunt_decor_cap

Skill      XL: |  1 |
---------------+----+-----
Conjurations   | 1 |  1.0
Spellcasting   | 2 |  2.0
Dodging        | |  1.8
Stealth        | |  1.9
Air Magic      | |  2.8

Action                   || total
-------------------------++-------
 Cast: Shock             ||    18
Armor: Robe              ||     5
Dodge: Dodged            ||    12
